AoeStats
← Dodô Pressão

Black Forest

504054233Analyzed
3v3 RM · 1mo ago on Sep 3, 2026· 79m 9s· 6 players
Game mode
Random Map
Map size
Normal (6 player)
Population
200
Speed
Normal
Resources
Standard
Victory
Conquest
Starting age
Dark Age
Ending age
Imperial Age
RankedLock teamsTeams togetherTeam positionsShared explorationLock speedFull tech treeHidden civsTurbo modeCheats
Victory
Defeat
🇮🇪 Franks · Ireland
631
+11
🇮🇹 Sicilians · Italy
579
+13
🇧🇷 Burgundians · Brazil
469
+19
🇵🇭 Persians · Philippines
636
-41
🇵🇭 Turks · Philippines
470
-12
🇵🇭 Burgundians · Philippines
467
-12
Bakkenn
14:43 Feudal Age
13:09 Double-Bit Axe
16:30 Horse Collar
21:13 Gold Mining
22:04 Wheelbarrow
23:47 Castle Age
24:02 Pikeman
24:44 Squires
28:21 Stone Mining
29:14 Wheelbarrow
33:00 Bow Saw
32:52 Loom
33:32 Hand Cart
33:52 Forging
33:48 Scale Mail Armor
35:06 Gold Shaft Mining
37:09 Iron Casting
38:04 Burgundian Vineyards
39:03 Stone Shaft Mining
37:57 Cavalier
38:38 Husbandry
41:42 Two-Man Saw
43:16 Imperial Age
42:07 Caravan
42:38 Coinage
44:04 Paladin
45:22 Banking
45:04 Guilds
47:57 Conscription
47:20 Onager
49:53 Elite Coustillier
52:59 Chemistry
51:41 Treadmill Crane
52:12 Masonry
52:24 Ballistics
53:10 Man-at-Arms
54:56 Scale Barding Armor
55:07 Chain Mail Armor
55:52 Blast Furnace
55:27 Architecture
54:23 Long Swordsman
55:35 Two-Handed Swordsman
57:30 Champion
59:18 Halberdier
65:08 Plate Mail Armor
64:58 Chain Barding Armor
64:54 Fortified Wall
67:43 Murder Holes
70:26 Plate Barding Armor
69:53 Padded Archer Armor
69:43 Fletching
72:47 Bombard Tower
Isdapatay
14:38 Feudal Age
14:03 Loom
15:29 Double-Bit Axe
15:25 Horse Collar
19:37 Castle Age
20:28 Bow Saw
20:20 Heavy Plow
23:27 Gold Mining
26:00 Stone Mining
26:47 Gold Shaft Mining
35:29 Imperial Age
33:07 Caravan
33:40 Coinage
38:06 Squires
40:38 Ballistics
40:34 Padded Archer Armor
40:36 Fletching
42:47 Elite Janissary
46:13 Banking
46:14 Guilds
46:10 Bodkin Arrow
46:35 Leather Archer Armor
48:16 Hoardings
48:02 Sipahi
66:25 Forging
66:16 Bracer
66:16 Scale Mail Armor
66:46 Ring Archer Armor
66:22 Scale Barding Armor
78:28 Man-at-Arms
keda
12:58 Feudal Age
15:16 Wheelbarrow
14:28 Town Watch
22:32 Castle Age
21:26 Scale Barding Armor
21:24 Scale Mail Armor
24:52 Double-Bit Axe
24:44 Pikeman
24:46 Man-at-Arms
28:00 Bow Saw
27:45 Gold Mining
29:02 Stone Mining
31:44 Long Swordsman
32:23 Arson
40:48 Crossbowman
45:32 Parthian Tactics
44:30 Elite Skirmisher
49:20 Imperial Age
48:26 Kamandaran
53:18 Hoardings
53:06 Conscription
Dodô Pressão
17:36 Feudal Age
22:26 Double-Bit Axe
23:27 Gold Mining
26:06 Castle Age
26:52 Wheelbarrow
33:03 Hand Cart
32:30 Horse Collar
34:37 Gold Shaft Mining
33:55 Stone Mining
35:36 Bow Saw
37:27 Stone Shaft Mining
50:18 Imperial Age
53:03 Burgundian Vineyards
52:21 Elite Coustillier
53:22 Conscription
65:18 Chemistry
64:39 Ballistics
64:59 Cavalier
65:43 Husbandry
66:06 Forging
66:01 Scale Barding Armor
69:33 Iron Casting
69:18 Chain Barding Armor
79:55 Bombard Tower
79:46 Fortified Wall
salvo.anfuso
1:07 Loom
12:19 Feudal Age
26:15 Castle Age
27:09 Caravan
27:42 Coinage
28:10 Double-Bit Axe
28:14 Horse Collar
33:10 Wheelbarrow
32:21 Town Watch
32:54 Bow Saw
32:51 Heavy Plow
40:18 Imperial Age
38:08 Hand Cart
40:20 Forging
40:01 Fletching
40:12 Padded Archer Armor
40:13 Scale Mail Armor
40:19 Scale Barding Armor
43:45 Elite Serjeant
45:11 Crossbowman
45:53 Pikeman
47:09 Squires
46:58 Arson
48:10 Heavy Scorpion
48:46 Elite Skirmisher
52:33 Conscription
52:01 Cavalier
52:42 Husbandry
55:46 Halberdier
57:52 Halberdier
60:44 Crop Rotation
61:08 Banking
62:37 Guilds
62:50 Chain Barding Armor
62:46 Chain Mail Armor
62:46 Leather Archer Armor
62:27 Bodkin Arrow
63:08 Iron Casting
64:36 Onager
jkennedy962
0:31 Loom
11:11 Feudal Age
12:29 Wheelbarrow
12:31 Double-Bit Axe
12:57 Town Watch
21:56 Castle Age
20:27 Stone Mining
20:27 Gold Mining
21:25 Fletching
21:40 Scale Mail Armor
24:31 Bow Saw
25:05 Hand Cart
26:31 Forging
26:27 Scale Barding Armor
33:36 Imperial Age
31:25 Husbandry
33:31 Iron Casting
33:17 Chain Barding Armor
33:40 Cavalier
36:05 Blast Furnace
36:26 Plate Barding Armor
36:07 Murder Holes
41:21 Chemistry
40:33 Fortified Wall
40:27 Bodkin Arrow
41:39 Conscription
40:42 Pikeman
41:23 Squires
41:08 Arson
42:49 Caravan
44:06 Chain Mail Armor
44:09 Halberdier
45:56 #83
46:25 Plate Mail Armor
46:17 Elite Throwing Axeman
59:00 Paladin
77:08 Ballistics
79:32 Hoardings
Connection lost

Rejoining the realm…

Still unreachable

The connection could not be restored.

Session expired

The server has moved on; the page needs a fresh start.